 Seeded DCSS version 0.30-a0-860-g512cf1e979 (webtiles) character file.

Game seed: 1019114201337 (custom seed)

154 muata the Insei (level 5, 0/41 HPs)
             Began as a Gnoll Transmuter on Mar 8, 2023.
             Was an Initiate of Vehumet.
             Slain by an orc
             ... wielding a +0 trident
              (7 damage)
             ... on level 3 of the Dungeon.
             The game lasted 00:06:24 (2326 turns).

muata the Insei (Gnoll Transmuter)                  Turns: 2326, Time: 00:06:24

Health: 0/41       AC:  2    Str: 10    XL:     5   Next: 36%
Magic:  10/12      EV: 13    Int: 14    God:    Vehumet [......]
Gold:   263        SH:  0    Dex: 12    Spells: 8/14 levels left

rFire   . . .      SeeInvis .      - Unarmed
rCold   . . .      Faith    .    (no shield)
rNeg    . . .      Spirit   .    a - +0 robe
rPois   .          Reflect  .    (helmet currently unavailable)
rElec   .          Rampage  .    (no cloak)
rCorr   .                        (no gloves)
Will    .....                    (boots currently unavailable)
Stlth   ++                       (no amulet)
HPRegen 0.26/turn                (no ring)
MPRegen 0.13/turn                (no ring)

@: appendages (expiring), wereblooded
A: horns 2, talons 2, fangs 1, strong nose, distributed training
a: End Transformation, Renounce Religion


You were on level 3 of the Dungeon.
You worshipped Vehumet.
Vehumet was noncommittal.
You had temporarily grown beastly horns and talons.
You visited 1 branch of the dungeon, and saw 3 of its levels.

You collected 263 gold pieces.

Inventory:

Missiles
 e - 5 javelins (quivered)
Armour
 a - a +0 robe (worn)
Jewellery
 i - a ring of fire
 t - a ring of ice
Scrolls
 c - 4 scrolls of identify {unknown}
 f - a scroll of amnesia {unknown}
 h - a scroll of poison {unknown}
 l - a scroll of silence {unknown}
 m - a scroll of fog {unknown}
 o - a scroll of immolation {unknown}
 p - a scroll of enchant weapon {unknown}
 q - a scroll of brand weapon {unknown}
Potions
 b - 2 potions of lignification
 d - a potion of attraction {unknown}
 g - a potion of mutation {unknown}
 j - a potion of invisibility {unknown}
 k - a potion of curing {unknown}
 n - a potion of flight {unknown}
 r - a potion of ambrosia {unknown}
 s - a potion of might {unknown}


   Skills:
 + Level 3.0 Fighting
 + Level 1.5 Short Blades
 + Level 1.5 Long Blades
 + Level 1.5 Axes
 + Level 1.5 Maces & Flails
 + Level 1.5 Polearms
 + Level 1.5 Staves
 + Level 1.5 Ranged Weapons
 + Level 1.5 Throwing
 + Level 1.5 Armour
 + Level 4.8 Dodging
 + Level 1.5 Stealth
 + Level 1.5 Shields
 + Level 6.7 Unarmed Combat
 + Level 5.2 Spellcasting
 + Level 1.2 Conjurations
 + Level 1.2 Hexes
 + Level 1.2 Summonings
 + Level 1.2 Necromancy
 + Level 1.2 Translocations
 + Level 4.0 Transmutations
 + Level 1.2 Fire Magic
 + Level 1.2 Ice Magic
 + Level 1.2 Air Magic
 + Level 1.2 Earth Magic
 + Level 1.2 Poison Magic
 + Level 1.7 Invocations
 + Level 1.5 Evocations


You had 8 spell levels left.
You knew the following spells:

 Your Spells              Type           Power      Damage    Failure   Level
a - Beastly Appendage     Tmut           28%        N/A       3%          1
b - Wereblood             Tmut           14%        N/A       4%          2
c - Spider Form           Tmut/Pois      11%        N/A       17%         3

Your spell library contained the following spells:

 Spells                   Type           Power      Damage    Failure   Level
 Ice Form                 Ice/Tmut       11%        N/A       50%         4


Dungeon Overview and Level Annotations

Branches:
Dungeon (3/15)

Altars:
Gozag
Uskayaw
Vehumet

Annotations:
D:3 3 runed translucent doors, Zenkrye's ghost, amateur HuCA


Innate Abilities, Weirdness & Mutations

You have temporarily grown beastly horns and talons.
You have very sharp teeth.
Your uncanny sense of smell can sniff out nearby items.
Your experience applies equally to all skills.


Message History

You claw the orc priest, but do no damage.
You headbutt the orc priest.
The orc priest is heavily wounded.
The orc priest closely misses you. The orc closely misses you.
The orc hits you with a +0 club.
A dart slug comes into view.
You punch the orc priest!
You feel a bit better.
You kill the orc priest!
Vehumet accepts your kill. The orc misses you. The orc closely misses you.
Your Fighting skill increases to level 3!
Your Transmutations skill increases to level 4!
You hit the orc. You bite the orc, but do no damage.
The orc is severely wounded.
Your transformation is almost over.
The orc misses you. The orc hits you with a +0 club.
The dart slug briefly extends its eye-stalks.
The dart slug launches a dart at you. The slug dart hits you.
The orc hits you from afar with a +0 trident.
You hit the orc.
You feel a bit better.
You kill the orc!
Vehumet accepts your kill.
The orc hits you from afar with a +0 trident.
You howl as the wereblood boils in your veins!
The orc hits you with a +0 trident.
You closely miss the orc. You claw the orc.
The orc is severely wounded.
The orc barely misses you.
You hit the orc but do no damage.
The orc is severely wounded.
The orc barely misses you.
You closely miss the orc. Your bite misses the orc.
The orc is severely wounded.
The orc hits you with a +0 trident!
* * * LOW HITPOINT WARNING * * *
You hit the orc but do no damage.
The orc is severely wounded.
The orc hits you with a +0 trident!
You die...

.............#
..####†####.##..##.# #.#
#.# #......#.# #.##
#.####.##...#.#
...###.............
.....#.##.........
..##.#.#..#.# #..#
............# #.o# #
.###.###....###)@#.#.##
.........†....)..)....#
............##..w#......
........(........#.#..##
.#.##.##.#####...... .#
...##.##.# #....... #
.#.##.##+# #.###.##'
........ #'# .....
.#.##.# ... ...


You could see a dart slug and an orc.

Vanquished Creatures
  An orc priest (D:3)
  An orc wizard (D:3)
  2 adders
  3 worms
  2 orcs (D:3)
  9 ball pythons
  5 bats
  10 endoplasms
  3 giant cockroaches
  5 goblins
  4 hobgoblins
  3 jackals (D:1)
  6 quokkas
  5 frilled lizards
  3 kobolds (D:1)
  7 rats
69 creatures vanquished.

Vanquished Creatures (others)
  A fungus (D:1)
  4 toadstools (D:1)
5 creatures vanquished.

Grand Total: 74 creatures vanquished

Notes
Turn   | Place    | Note
-------+----------+-------------------------------------------
     0 | D:1      | muata the Gnoll Transmuter began the quest for the Orb.
     0 | D:1      | Reached XP level 1. HP: 17/17 MP: 6/6
   233 | D:1      | Reached XP level 2. HP: 11/23 MP: 5/7
   432 | D:1      | Reached skill level 5 in Spellcasting
   432 | D:1      | Reached XP level 3. HP: 28/28 MP: 7/9
   593 | D:1      | Reached skill level 1 in Invocations
   828 | D:1      | Learned a level 2 spell: Wereblood
   832 | D:1      | Learned a level 3 spell: Spider Form
  1039 | D:2      | Reached skill level 1 in Short Blades
  1039 | D:2      | Reached skill level 1 in Long Blades
  1039 | D:2      | Reached skill level 1 in Axes
  1039 | D:2      | Reached skill level 1 in Maces & Flails
  1039 | D:2      | Reached skill level 1 in Polearms
  1039 | D:2      | Reached skill level 1 in Staves
  1039 | D:2      | Reached skill level 1 in Ranged Weapons
  1039 | D:2      | Reached skill level 1 in Throwing
  1039 | D:2      | Reached skill level 1 in Armour
  1039 | D:2      | Reached skill level 1 in Stealth
  1039 | D:2      | Reached skill level 1 in Shields
  1039 | D:2      | Reached skill level 1 in Evocations
  1202 | D:2      | Reached XP level 4. HP: 25/34 MP: 9/11
  1561 | D:2      | Reached skill level 1 in Conjurations
  1561 | D:2      | Reached skill level 1 in Hexes
  1561 | D:2      | Reached skill level 1 in Summonings
  1561 | D:2      | Reached skill level 1 in Necromancy
  1561 | D:2      | Reached skill level 1 in Translocations
  1561 | D:2      | Reached skill level 1 in Fire Magic
  1561 | D:2      | Reached skill level 1 in Ice Magic
  1561 | D:2      | Reached skill level 1 in Air Magic
  1561 | D:2      | Reached skill level 1 in Earth Magic
  1561 | D:2      | Reached skill level 1 in Poison Magic
  1657 | D:3      | Found a runed translucent gate.
  1658 | D:3      | Found a runed translucent gate.
  1666 | D:3      | Found a hide-covered altar of Uskayaw.
  1669 | D:3      | Found a radiant altar of Vehumet.
  1829 | D:3      | Became a worshipper of Vehumet
  1900 | D:3      | Found a runed translucent gate.
  1922 | D:3      | Found an opulent altar of Gozag.
  2093 | D:3      | Reached XP level 5. HP: 17/40 MP: 12/12
  2279 | D:3      | Noticed Zenkrye's ghost (amateur HuCA)
  2281 | D:3      | Noticed an ice beast
  2326 | D:3      | Slain by an orc

Illustrated notes

Levels and vault maps discovered:
D:1:      beargit_arrival_greenhouse, layout_basic, minmay_gold_behind_fungi
D:2:      layout_basic
D:3:      layout_basic, jmf_multi_god_temple, ebering_ghost_gozag

Skill      XL: |  1  2  3  4  5 |
---------------+----------------+-----
Spellcasting   | 5 |  5.2
Invocations    | 1 |  1.7
Short Blades   | 1 |  1.5
Long Blades    | 1 |  1.5
Axes           | 1 |  1.5
Maces & Flails | 1 |  1.5
Polearms       | 1 |  1.5
Staves         | 1 |  1.5
Ranged Weapons | 1 |  1.5
Throwing       | 1 |  1.5
Armour         | 1 |  1.5
Stealth        | 1 |  1.5
Shields        | 1 |  1.5
Evocations     | 1 |  1.5
Conjurations   | 1 |  1.2
Hexes          | 1 |  1.2
Summonings     | 1 |  1.2
Necromancy     | 1 |  1.2
Translocations | 1 |  1.2
Fire Magic     | 1 |  1.2
Ice Magic      | 1 |  1.2
Air Magic      | 1 |  1.2
Earth Magic    | 1 |  1.2
Poison Magic   | 1 |  1.2
Fighting       | 3 |  3.0
Transmutations | 4 |  4.0
Dodging        | |  4.8
Unarmed Combat | |  6.7

Action                     |  1- 3 |  4- 6 || total
---------------------------+-------+-------++-------
  Melee: Unarmed           |   113 |    73 ||   186
         Bite              |    15 |     5 ||    20
         Kick              |    10 |     7 ||    17
         Punch             |     9 |     2 ||    11
         Headbutt          |     4 |     7 ||    11
   Cast: Beastly Appendage |     5 |     4 ||     9
         Wereblood         |       |     1 ||     1
   Stab: Sleeping          |     1 |       ||     1
 Armour: Robe              |    10 |     6 ||    16
  Dodge: Dodged            |    67 |    35 ||   102

Table legend: (Time is in decaauts)
 A = Elapsed time spent in this place.
 B = Non-inter-level travel time spent in this place.
 C = Inter-level travel time spent in this place.
 D = Time resting spent in this place.
 E = Time spent auto-exploring this place.
 F = Levels seen in this place.
 G = Mean time per level.
                   A        B        C        D        E       F      G
               +--------+--------+--------+--------+--------+-----+--------+
         Total |   2302 |   2229 |     73 |    327 |   1268 |   3 |  767.3 |
       Dungeon |   2302 |   2229 |     73 |    327 |   1268 |   3 |  767.3 |
               +--------+--------+--------+--------+--------+-----+--------+

Top non-repeatable levels by time:
     D:1: 871 daAuts
     D:2: 760 daAuts
     D:3: 670 daAuts
